AoeStats
← K_Nine* ZA

Black Forest

504977215Analyzed
2v2 RM · 24d ago on Sep 7, 2026· 69m 53s· 4 players
Game mode
Random Map
Map size
Medium (4 player)
Population
200
Speed
Normal
Resources
Standard
Victory
Conquest
Starting age
Dark Age
Ending age
Imperial Age
RankedLock teamsTeams togetherTeam positionsShared explorationLock speedFull tech treeHidden civsTurbo modeCheats
Victory
Defeat
🇮🇹 Bohemians · Italy
881
+15
🇮🇹 Teutons · Italy
880
+15
🇿🇦 Huns · South Africa
857
-16
🇺🇸 Dravidians · United States
844
-14
Sparten gio
1:03 Loom
12:08 Feudal Age
13:13 Horse Collar
13:20 Double-Bit Axe
16:42 Fishing Lines
22:19 Castle Age
24:08 Heavy Plow
24:24 Bow Saw
24:38 Caravan
25:45 Heavy Plow
28:52 Gold Mining
28:53 Stone Mining
30:08 Squires
29:56 Arson
31:05 Fletching
31:18 Padded Archer Armor
31:28 Forging
31:21 Scale Mail Armor
32:00 Thumb Ring
32:33 Medical Corps
33:01 Bodkin Arrow
34:05 Sanctity
36:45 Imperial Age
34:06 Town Watch
35:35 Husbandry
36:31 Ballistics
36:29 Fortified Wall
39:26 Chemistry
39:11 Conscription
39:40 Iron Casting
39:11 Scale Barding Armor
39:34 Bracer
42:21 Blast Furnace
45:45 Chain Mail Armor
46:10 Wootz Steel
45:29 Elite Skirmisher
46:41 Chain Barding Armor
47:55 Leather Archer Armor
49:57 Elite Urumi Swordsman
51:45 Hoardings
53:37 Siege Elephant
55:05 Plate Mail Armor
54:43 Town Patrol
64:24 Light Cavalry
65:39 Heavy Scorpion
K_Nine* ZA
12:17 Feudal Age
11:06 Loom
17:56 Castle Age
16:42 Wheelbarrow
15:53 Town Watch
19:10 Caravan
23:12 Double-Bit Axe
24:06 Bow Saw
23:40 Horse Collar
28:58 Scale Barding Armor
29:52 Forging
31:56 Iron Casting
31:42 Chain Barding Armor
31:23 Padded Archer Armor
31:20 Fletching
32:59 Hand Cart
32:45 Town Patrol
33:28 Heavy Plow
33:32 Light Cavalry
34:23 Bloodlines
34:13 Husbandry
34:21 Thumb Ring
33:36 Elite Skirmisher
34:55 Marauders
38:00 Imperial Age
36:15 Gold Mining
36:16 Stone Mining
37:01 Ballistics
36:39 Murder Holes
38:08 Bodkin Arrow
39:42 Two-Man Saw
39:02 Leather Archer Armor
39:24 Bracer
40:56 Plate Barding Armor
41:45 Chemistry
41:01 Masonry
42:20 Blast Furnace
41:51 Conscription
41:58 Atheism
42:15 Cavalier
42:16 Hussar
44:05 Parthian Tactics
43:04 Heavy Cavalry Archer
43:54 Elite Tarkan
48:00 Paladin
Robyht
2:33 Loom
12:49 Feudal Age
13:53 Horse Collar
14:35 Town Watch
15:06 Double-Bit Axe
19:22 Castle Age
19:34 Stone Mining
21:10 Stone Shaft Mining
20:47 Bow Saw
20:41 Heavy Plow
24:11 Wheelbarrow
25:13 Hand Cart
25:58 Town Patrol
28:01 Gold Mining
28:21 Caravan
33:15 Imperial Age
30:28 Pikeman
32:18 Fortified Wall
32:40 Fletching
32:50 Scale Mail Armor
33:01 Forging
35:07 Chemistry
34:28 Ballistics
33:37 Halberdier
34:18 Squires
35:53 Crenellations
36:18 Bodkin Arrow
36:38 Chain Mail Armor
37:50 Elite Teutonic Knight
39:24 Onager
45:35 Conscription
54:20 Siege Onager
65:30 Iron Casting
65:27 Plate Mail Armor
DaffySpace6253
14:20 Feudal Age
15:41 Double-Bit Axe
18:39 Castle Age
17:33 Horse Collar
21:07 Caravan
21:22 Heavy Plow
25:34 Bow Saw
26:25 Wheelbarrow
27:47 Hand Cart
30:28 Chemistry
29:59 Town Watch
33:06 Imperial Age
30:22 Loom
30:02 Pikeman
30:03 Man-at-Arms
31:46 Fortified Wall
32:30 Town Patrol
32:43 Forging
32:25 Fletching
32:48 Man-at-Arms
34:23 Iron Casting
34:11 Ballistics
33:22 Halberdier
34:53 Conscription
36:19 Two-Man Saw
37:15 Blast Furnace
36:01 Treadmill Crane
35:47 Houfnice
35:56 Long Swordsman
36:37 Squires
36:01 Elite Hussite Wagon
39:05 Wagenburg Tactics
39:01 Bodkin Arrow
39:07 Scale Mail Armor
39:07 Padded Archer Armor
39:13 Scale Barding Armor
39:23 Masonry
39:18 Siege Engineers
39:09 Murder Holes
39:05 Guard Tower
39:35 Bombard Tower
39:01 Arrowslits
40:01 Two-Handed Swordsman
41:33 Champion
43:13 Architecture
43:19 Keep
50:51 Chain Mail Armor
54:09 Heavy Scorpion
56:50 Onager
Connection lost

Rejoining the realm…

Still unreachable

The connection could not be restored.

Session expired

The server has moved on; the page needs a fresh start.